| TOP OF THE 1ST |
|
Mobile BayBears batting - Pitching for Springfield Cardinals : LHP Ed Gates
|
|
Pitching: LHP Ed Gates
|
|
|
Batting: RHB Carlos Ballesteros
|
0-0: Swinging Strike 0-1: Foul Ball, location: 2F 0-2: Ball 1-2: Strikes out swinging
|
|
Batting: LHB Soo-yeon Kym
|
0-0: Ball 1-0: Swinging Strike 1-1: Called Strike 1-2: Strikes out swinging, 2-3 out at first.
|
|
Batting: RHB Josh Burrows
|
0-0: Foul Ball, location: 2F 0-1: Called Strike 0-2: Ground out 4-3 (Groundball, 4, EV 91.2 MPH)
|
| Top of the 1st over - 0 runs, 0 hits, 0 errors, 0 left on base; Mobile 0 - Springfield 0 |
| BOTTOM OF THE 1ST |
|
Springfield Cardinals batting - Pitching for Mobile BayBears : LHP Jesus Gallegos
|
|
Pitching: LHP Jesus Gallegos
|
|
|
Batting: RHB Fekadu Alhaadi
|
0-0: Called Strike 0-1: Ball 1-1: Ball 2-1: Ball 3-1: Foul Ball, location: 2F 3-2: Strikes out swinging
|
|
Batting: RHB Joe Alley
|
0-0: Ball 1-0: Foul Ball, location: 2F 1-1: Ball 2-1: Ground out 5-3 (Groundball, 56, EV 104.4 MPH)
|
|
Batting: RHB Jose Rivera
|
0-0: Foul Ball, location: 2F 0-1: Ground out 5-3 (Groundball, 56S, EV 90.0 MPH)
|
| Bottom of the 1st over - 0 runs, 0 hits, 0 errors, 0 left on base; Mobile 0 - Springfield 0 |
| TOP OF THE 2ND |
|
Mobile BayBears batting - Pitching for Springfield Cardinals : LHP Ed Gates
|
|
Batting: RHB Blake Beale
|
0-0: Ground out 6-3 (Groundball, 56, EV 91.9 MPH)
|
|
Batting: RHB Will Washburn
|
0-0: Fly out, F7 (Flyball, 7LSF, EV 88.1 MPH)
|
|
Batting: LHB Koson Hirai
|
0-0: Ball 1-0: Ground out 4-3 (Groundball, 34, EV 100.0 MPH)
|
| Top of the 2nd over - 0 runs, 0 hits, 0 errors, 0 left on base; Mobile 0 - Springfield 0 |
| BOTTOM OF THE 2ND |
|
Springfield Cardinals batting - Pitching for Mobile BayBears : LHP Jesus Gallegos
|
|
Batting: RHB Tyler Walker
|
0-0: Ball 1-0: Called Strike 1-1: Called Strike 1-2: Ground out 6-3 (Groundball, 6S, EV 76.2 MPH)
|
|
Batting: RHB Tommy Boudreaux
|
0-0: Ball 1-0: DOUBLE (Line Drive, 9LM, EV 103.8 MPH)
|
|
Batting: RHB Kalidas Mishra
|
0-0: Ball 1-0: Ball 2-0: Foul Ball, location: 2F 2-1: Called Strike 2-2: Fly out, F9 (Flyball, 9D, EV 102.5 MPH) Runner from 2nd tags up, SAFE at 3rd, no throw by RF
|
|
Batting: LHB Travis Ruppel
|
0-0: Foul Ball, location: 2F 0-1: Ball 1-1: Foul Ball, location: 2F 1-2: Ball 2-2: Ground out 3-1 (Groundball, 34S, EV 88.8 MPH)
|
| Bottom of the 2nd over - 0 runs, 1 hit, 0 errors, 1 left on base; Mobile 0 - Springfield 0 |
| TOP OF THE 3RD |
|
Mobile BayBears batting - Pitching for Springfield Cardinals : LHP Ed Gates
|
|
Batting: RHB Chris Bittner
|
0-0: Ground out 5-3 (Groundball, 5, EV 83.1 MPH)
|
|
Batting: LHB T.J. Duvall
|
0-0: Called Strike 0-1: Fly out, F6 (Popup, 6M, EV 62.5 MPH)
|
|
Batting: RHB Curt Barrett
|
0-0: Ball 1-0: Called Strike 1-1: Ground out 6-3 (Groundball, 6, EV 86.9 MPH)
|
| Top of the 3rd over - 0 runs, 0 hits, 0 errors, 0 left on base; Mobile 0 - Springfield 0 |
| BOTTOM OF THE 3RD |
|
Springfield Cardinals batting - Pitching for Mobile BayBears : LHP Jesus Gallegos
|
|
Batting: RHB Jonathan Davis
|
0-0: Ball 1-0: SINGLE (Groundball, 4MD, EV 96.9 MPH)
|
|
Batting: RHB Josh Broome
|
0-0: Called Strike 0-1: Called Strike 0-2: Ball 1-2: Strikes out swinging
|
|
Batting: RHB Fekadu Alhaadi
|
0-0: Foul Ball, location: 2F 0-1: Ball 1-1: Swinging Strike 1-2: Ball 2-2: Ball 3-2: 2-RUN HOME RUN (Flyball, 9LD, EV 94.4 MPH), Distance : 340 ft
|
|
Batting: RHB Joe Alley
|
0-0: Foul Ball, location: 2F 0-1: Foul Ball, location: 2F 0-2: Ball 1-2: Ball 2-2: Strikes out looking
|
|
Batting: RHB Jose Rivera
|
0-0: Called Strike 0-1: Ball 1-1: Ball 2-1: Ball 3-1: Foul Ball, location: 2F 3-2: DOUBLE (Line Drive, 5D, EV 95.0 MPH)
|
|
Batting: RHB Tyler Walker
|
0-0: Called Strike 0-1: Ball 1-1: Foul Ball, location: 2F 1-2: DOUBLE (Groundball, 5L, EV 95.0 MPH) Jose Rivera scores
|
|
Batting: RHB Tommy Boudreaux
|
0-0: Ball 1-0: Swinging Strike 1-1: Called Strike 1-2: Ball 2-2: Ground out 5-3 (Groundball, 56, EV 103.1 MPH)
|
| Bottom of the 3rd over - 3 runs, 4 hits, 0 errors, 1 left on base; Mobile 0 - Springfield 3 |
| TOP OF THE 4TH |
|
Mobile BayBears batting - Pitching for Springfield Cardinals : LHP Ed Gates
|
|
Batting: RHB Carlos Ballesteros
|
0-0: DOUBLE (Groundball, 5L, EV 106.2 MPH)
|
|
Batting: LHB Soo-yeon Kym
|
0-0: Ball Wild Pitch! Carlos Ballesteros to third 1-0: Ball 2-0: Ball 3-0: Called Strike 3-1: Called Strike 3-2: Strikes out swinging
|
|
Batting: RHB Josh Burrows
|
0-0: Foul Ball, location: 2F 0-1: Foul Ball, location: 2F 0-2: Foul Ball, location: 2F 0-2: Fly out, F7 (Flyball, 78S, EV 71.9 MPH)
|
|
Batting: RHB Blake Beale
|
0-0: Fly out, F8 (Flyball, 8RM, EV 81.9 MPH)
|
| Top of the 4th over - 0 runs, 1 hit, 0 errors, 1 left on base; Mobile 0 - Springfield 3 |
| BOTTOM OF THE 4TH |
|
Springfield Cardinals batting - Pitching for Mobile BayBears : LHP Jesus Gallegos
|
|
Batting: RHB Kalidas Mishra
|
0-0: Called Strike 0-1: Swinging Strike 0-2: Fly out, F9 (Flyball, 9, EV 80.6 MPH)
|
|
Batting: LHB Travis Ruppel
|
0-0: Called Strike 0-1: Swinging Strike 0-2: Strikes out swinging
|
|
Batting: RHB Jonathan Davis
|
0-0: Ball 1-0: Ball 2-0: Foul Ball, location: 2F 2-1: SINGLE (Line Drive, 3D, EV 96.2 MPH)
|
|
Batting: RHB Josh Broome
|
0-0: Ball 1-0: Ball Wild Pitch! Jonathan Davis to second 2-0: Ball 3-0: Called Strike 3-1: Swinging Strike 3-2: Base on Balls
|
|
Batting: RHB Fekadu Alhaadi
|
0-0: Called Strike 0-1: Ground out U3 (Groundball, 34, EV 80.6 MPH)
|
| Bottom of the 4th over - 0 runs, 1 hit, 0 errors, 2 left on base; Mobile 0 - Springfield 3 |
| TOP OF THE 5TH |
|
Mobile BayBears batting - Pitching for Springfield Cardinals : LHP Ed Gates
|
|
Batting: RHB Will Washburn
|
0-0: Called Strike 0-1: Foul Ball, location: 2F 0-2: Ball 1-2: Foul Ball, location: 2F 1-2: Ball 2-2: Strikes out swinging
|
|
Batting: LHB Koson Hirai
|
0-0: Called Strike 0-1: Ball 1-1: SINGLE (Flyball, 4D, EV 96.9 MPH)
|
|
Batting: RHB Chris Bittner
|
0-0: Ball 1-0: Ball Koson Hirai is caught stealing 2nd base 2-4 2-0: Ground out U3 (Groundball, 34, EV 102.5 MPH)
|
| Top of the 5th over - 0 runs, 1 hit, 0 errors, 0 left on base; Mobile 0 - Springfield 3 |
| BOTTOM OF THE 5TH |
|
Springfield Cardinals batting - Pitching for Mobile BayBears : LHP Jesus Gallegos
|
|
Batting: RHB Joe Alley
|
0-0: Called Strike 0-1: Called Strike 0-2: Ball 1-2: Strikes out looking
|
|
Batting: RHB Jose Rivera
|
0-0: Ball 1-0: Foul Ball, location: 2F 1-1: Ball 2-1: Ball 3-1: TRIPLE (Flyball, 78XD, EV 101.9 MPH)
|
|
Batting: RHB Tyler Walker
|
0-0: Called Strike 0-1: Ball 1-1: Ball 2-1: Foul Ball, location: 2F 2-2: Ball 3-2: Strikes out swinging
|
|
Batting: RHB Tommy Boudreaux
|
0-0: Swinging Strike 0-1: Foul Ball, location: 2F 0-2: Ball 1-2: Ground out 4-3 (Groundball, 4, EV 105.0 MPH)
|
| Bottom of the 5th over - 0 runs, 1 hit, 0 errors, 1 left on base; Mobile 0 - Springfield 3 |
| TOP OF THE 6TH |
|
Mobile BayBears batting - Pitching for Springfield Cardinals : LHP Ed Gates
|
|
Batting: LHB T.J. Duvall
|
0-0: Ball 1-0: Ball 2-0: Ball 3-0: Called Strike 3-1: Base on Balls
|
|
Batting: RHB Curt Barrett
|
0-0: Ball 1-0: Called Strike 1-1: Swinging Strike 1-2: Foul Ball, location: 2F 1-2: Foul Ball, location: 2F 1-2: Ball 2-2: Grounds into double play, 4-6-3 (Groundball, 4, EV 83.8 MPH)
|
|
Batting: RHB Carlos Ballesteros
|
0-0: Called Strike 0-1: SINGLE (Groundball, 6D, EV 101.9 MPH)
|
|
Batting: LHB Soo-yeon Kym
|
0-0: Ball 1-0: Called Strike 1-1: Called Strike 1-2: Strikes out swinging
|
| Top of the 6th over - 0 runs, 1 hit, 0 errors, 1 left on base; Mobile 0 - Springfield 3 |
| BOTTOM OF THE 6TH |
|
Springfield Cardinals batting - Pitching for Mobile BayBears : LHP Jesus Gallegos
|
|
Pitching: LHP Jon Davis
|
|
|
Batting: RHB Kalidas Mishra
|
0-0: Ball 1-0: Ball 2-0: Called Strike 2-1: Foul Ball, location: 2F 2-2: Foul Ball, location: 2F 2-2: Fly out, F7 (Flyball, 7S, EV 89.4 MPH)
|
|
Batting: LHB Travis Ruppel
|
0-0: Called Strike 0-1: Ball 1-1: Ball 2-1: Ball 3-1: Base on Balls
|
|
Batting: RHB Jonathan Davis
|
0-0: Called Strike 0-1: Swinging Strike 0-2: Strikes out swinging
|
|
Batting: RHB Josh Broome
|
0-0: Ball 1-0: Swinging Strike 1-1: Foul Ball, location: 2F 1-2: Ball 2-2: Strikes out looking
|
| Bottom of the 6th over - 0 runs, 0 hits, 0 errors, 1 left on base; Mobile 0 - Springfield 3 |
| TOP OF THE 7TH |
|
Mobile BayBears batting - Pitching for Springfield Cardinals : LHP Ed Gates
|
|
Now in LF: Jose Jimenez
|
|
|
Batting: RHB Josh Burrows
|
0-0: Ball 1-0: Fly out, F7 (Flyball, 7S, EV 90.0 MPH)
|
|
Batting: RHB Blake Beale
|
0-0: Ball 1-0: SOLO HOME RUN (Flyball, 9D, EV 97.5 MPH), Distance : 374 ft
|
|
Batting: RHB Will Washburn
|
0-0: Called Strike 0-1: SINGLE (Line Drive, 89S, EV 90.6 MPH)
|
|
Batting: LHB Koson Hirai
|
0-0: Foul Ball, location: 2F 0-1: Ball 1-1: Called Strike 1-2: Ground out 6-3 (Groundball, P, EV 78.8 MPH) Will Washburn to second
|
|
Batting: RHB Chris Bittner
|
0-0: Called Strike 0-1: Swinging Strike 0-2: Strikes out looking
|
| Top of the 7th over - 1 run, 2 hits, 0 errors, 1 left on base; Mobile 1 - Springfield 3 |
| BOTTOM OF THE 7TH |
|
Springfield Cardinals batting - Pitching for Mobile BayBears : LHP Jon Davis
|
|
Batting: RHB Fekadu Alhaadi
|
0-0: Ball 1-0: Called Strike 1-1: Foul Ball, location: 2F 1-2: Ball 2-2: Ground out 6-3 (Groundball, 6MD, EV 85.0 MPH)
|
|
Batting: RHB Joe Alley
|
0-0: Fly out, F8 (Flyball, 78S, EV 87.5 MPH)
|
|
Batting: RHB Jose Rivera
|
0-0: Ball 1-0: Ball 2-0: SINGLE (Line Drive, 89M, EV 91.2 MPH)
|
|
Batting: RHB Tyler Walker
|
0-0: Ball Jose Rivera steals 2nd base 1-0: Called Strike 1-1: Ball 2-1: Ball 3-1: Called Strike 3-2: Foul Ball, location: 2F 3-2: Fly out, F8 (Line Drive, 8LM, EV 98.8 MPH)
|
| Bottom of the 7th over - 0 runs, 1 hit, 0 errors, 1 left on base; Mobile 1 - Springfield 3 |
| TOP OF THE 8TH |
|
Mobile BayBears batting - Pitching for Springfield Cardinals : LHP Ed Gates
|
|
Batting: LHB T.J. Duvall
|
0-0: Ball 1-0: Ball 2-0: Called Strike 2-1: Foul Ball, location: 2F 2-2: Strikes out swinging
|
|
Batting: RHB Curt Barrett
|
0-0: Ball 1-0: Called Strike 1-1: Foul Ball, location: 2F 1-2: Foul Ball, location: 2F 1-2: Foul Ball, location: 2F 1-2: Foul Ball, location: 2F 1-2: Strikes out swinging
|
|
Batting: RHB Carlos Ballesteros
|
0-0: Ball 1-0: SINGLE (Line Drive, 78M, EV 96.9 MPH)
|
|
Batting: LHB Soo-yeon Kym
|
0-0: Ball 1-0: Called Strike 1-1: Ball 2-1: Swinging Strike 2-2: Foul Ball, location: 2F 2-2: Strikes out looking
|
| Top of the 8th over - 0 runs, 1 hit, 0 errors, 1 left on base; Mobile 1 - Springfield 3 |
| BOTTOM OF THE 8TH |
|
Springfield Cardinals batting - Pitching for Mobile BayBears : LHP Jon Davis
|
|
Pitching: RHP Rick Foster
|
|
|
Batting: RHB Tommy Boudreaux
|
0-0: Fly out, F8 (Flyball, 8LD, EV 110.0 MPH)
|
|
Batting: RHB Kalidas Mishra
|
0-0: Ball 1-0: Ball 2-0: Foul Ball, location: 2F 2-1: SINGLE (Line Drive, 34, EV 107.5 MPH)
|
|
Batting: RHB Jose Jimenez
|
0-0: Called Strike 0-1: Ball 1-1: SINGLE (Line Drive, 78S, EV 107.5 MPH) Kalidas Mishra to second Runner from 2nd tries for 3rd, SAFE, throw by CF made to third
|
|
Batting: RHB Jonathan Davis
|
0-0: Foul Ball, location: 2F 0-1: Ball 1-1: Ground out 5-3 (Groundball, 56S, EV 88.1 MPH) Jose Jimenez to second
|
|
Batting: RHB Josh Broome
|
0-0: Ball 1-0: Ball 2-0: Called Strike 2-1: Ground out 5-3 (Groundball, 56S, EV 68.1 MPH)
|
| Bottom of the 8th over - 0 runs, 2 hits, 0 errors, 2 left on base; Mobile 1 - Springfield 3 |
| TOP OF THE 9TH |
|
Mobile BayBears batting - Pitching for Springfield Cardinals : LHP Ed Gates
|
|
Pitching: LHP John Grinter
|
|
|
Batting: RHB Josh Burrows
|
0-0: Ball 1-0: Fly out, F7 (Flyball, 7, EV 92.5 MPH)
|
|
Batting: RHB Blake Beale
|
0-0: Called Strike 0-1: Ball 1-1: Ground out 4-3 (Groundball, 6M, EV 103.1 MPH)
|
|
Batting: RHB Will Washburn
|
0-0: Called Strike 0-1: Hit by Pitch
|
|
Batting: LHB Koson Hirai
|
0-0: Ball 1-0: Ball 2-0: Ball 3-0: Called Strike 3-1: Swinging Strike 3-2: Strikes out swinging
|
| Top of the 9th over - 0 runs, 0 hits, 0 errors, 1 left on base; Mobile 1 - Springfield 3 |
|